 Dungeon Crawl Stone Soup version 0.30-a0-5-g3a90980b9d (webtiles) character file.

Game seed: 5341120251180289576

108 Nedwor the Trooper (level 4, -5/35 HPs)
             Began as a Demonspawn Fighter on Aug 22, 2022.
             Slain by an orc
             ... wielding a +1 hand axe of electrocution
              (15 damage)
             ... on level 2 of the Dungeon.
             The game lasted 00:03:42 (2670 turns).

Nedwor the Trooper (Demonspawn Fighter)             Turns: 2670, Time: 00:03:43

Health: -5/35      AC: 16    Str: 18    XL:     4   Next: 58%
Magic:  4/4        EV:  7    Int: 10    God:
Gold:   81         SH:  5    Dex: 12    Spells: 3/3 levels left

rFire   . . .      SeeInvis .    e - +4 short sword
rCold   . . .      Faith    .    c - +1 buckler
rNeg    . . .      Spirit   .    p - +0 chain mail
rPois   .          Reflect  .    (no helmet)
rElec   .          Harm     .    (no cloak)
rCorr   .          Rampage  .    (no gloves)
Will    .....                    f - +0 pair of boots
Stlth   ..........               (no amulet)
HPRegen 0.11/turn                k - +4 ring of slaying
MPRegen 0.09/turn                (no ring)

@: sanguine armoured
A: powered by pain 1, sanguine armour 1
a: no special abilities


You were on level 2 of the Dungeon.
You visited 1 branch of the dungeon, and saw 3 of its levels.

You collected 81 gold pieces.

Inventory:

Hand Weapons
 a - a +0 rapier
 e - a +4 short sword (weapon)
Missiles
 h - 2 throwing nets (quivered)
Armour
 c - a +1 buckler (worn)
 f - a +0 pair of boots (worn)
 p - a +0 chain mail (worn)
Jewellery
 k - a +4 ring of slaying (left hand)
Scrolls
 g - 2 scrolls of teleportation
 i - a scroll of magic mapping {unknown}
 j - a scroll of blinking {unknown}
Potions
 b - a potion of ambrosia {unknown}
 d - 2 potions of might
 l - a potion of brilliance {unknown}
 n - a potion of attraction {unknown}
 o - 2 potions of curing


   Skills:
 + Level 3.5 Fighting
 * Level 2.9 Short Blades
 + Level 3.1 Armour
 + Level 1.2 Dodging
 + Level 3.2 Shields


You had 3 spell levels left.
You didn't know any spells.
Your spell library contained the following spells:

 Spells                   Type           Power      Damage    Failure   Level
 Gell's Gravitas          Tloc           0%         N/A       100%        3
 Lesser Beckoning         Tloc           0%         N/A       100%        3
 Teleport Other           Tloc           0%         N/A       100%        3


Dungeon Overview and Level Annotations

Branches:
Dungeon (3/15)

Altars:
Xom

Shops:
D:2 (

Annotations:
D:3 Jessica


Innate Abilities, Weirdness & Mutations

You sometimes gain a little power by taking damage.
When seriously injured, your blood forms armour. (AC +6)


Message History

The endoplasm hits you but does no damage.
You puncture the endoplasm!
You kill the endoplasm!
There is a stone staircase leading down here.
You start resting.
Your blood armour dries and flakes away.
You start resting.
You feel a little less mighty now.
You start resting.
HP restored.
You climb downwards.
Level annotation: Jessica Jessica zaps a wand.
The puff of flame hits you but does no damage.
The orc hits you with a +0 dagger. You block the orc's attack.
The orc barely misses you.
Jessica grins evilly.
Jessica zaps a wand.
The puff of flame hits you. The orc hits you but does no damage.
There is a stone staircase leading up here.
The orc barely misses you.
The orc hits you with a +1 hand axe of electrocution.
You climb upwards.
There is a stone staircase leading down here.
You closely miss the orc. The orc hits you but does no damage. x2
You hit the orc.
The orc is almost dead.
The orc closely misses you.
The orc hits you with a +1 hand axe of electrocution.
You barely miss the orc.
The orc is almost dead.
You block the orc's attack. The orc hits you but does no damage.
You are electrocuted!
* * * LOW HITPOINT WARNING * * *
Your blood congeals into armour.
You barely miss the orc.
The orc is almost dead.
You block the orc's attack. The orc hits you but does no damage.
You are electrocuted!
You die...

####.#.#.....#..##..........<..
#.#.#######...##.....##.....
##.#.~≈≈≈≈≈≈....##...#.#..###
#####....#######.....####.....# #
.........#.....#.....'........###
###......###.###.....##.#.....)..
#.##.#...#.#......###.##<######
#.##.....#.#..o..## #.####
#.######......@.## #.# #.#
####...o## #.# #.# ####.# #.# #.#
#.# #.# #.# ####.## #.# #.#
###>....#####.# #.#
#.............# #.#
#.#.....####### #.#######.####.##


You could see 2 orcs.

Vanquished Creatures
  3 gnolls (D:2)
  3 adders (D:2)
  A dart slug (D:1)
  2 orcs
  3 ball pythons
  5 bats
  6 endoplasms
  7 goblins
  6 hobgoblins
  A quokka (D:1)
  4 frilled lizards
  3 kobolds
  4 rats
48 creatures vanquished.

Notes
Turn   | Place    | Note
-------+----------+-------------------------------------------
     0 | D:1      | Nedwor the Demonspawn Fighter began the quest for the Orb.
     0 | D:1      | Reached XP level 1. HP: 18/18 MP: 1/1
   225 | D:1      | Gained mutation: You sometimes gain a little power by
                  | taking damage. [demonic ancestry]
   225 | D:1      | Reached XP level 2. HP: 18/24 MP: 2/2
  1014 | D:2      | Reached XP level 3. HP: 27/29 MP: 3/3
  1152 | D:2      | Found a shimmering altar of Xom.
  1569 | D:2      | Found Jeuliut's Weapon Shoppe.
  1783 | D:2      | Reached skill level 1 in Dodging
  1785 | D:2      | Gained mutation: When seriously injured, your blood forms
                  | armour. (AC +6) [demonic ancestry]
  1785 | D:2      | Reached XP level 4. HP: 11/35 MP: 4/4
  2306 | D:3      | Noticed Jessica
  2670 | D:2      | Slain by an orc

Illustrated notes

Levels and vault maps discovered:
D:1:      psy_arrival_radial01, layout_basic
D:2:      layout_loops_corners, basic_altar, serial_shops, shop,
          grunt_decor_cap, guppyfry_early_lair_pool
D:3:      layout_rooms, worldfamousw_hep_ancestral_shrine,
          shapermc_ecumenical_altar_ellora, uniq_jessica

Skill      XL: |  1  2  3 |
---------------+----------+-----
Short Blades   | 2 |  2.9
Shields        | 3 |  3.2
Armour         | 3 |  3.1
Dodging        | 1 |  1.2
Fighting       | |  3.5

Action                   |  1- 3 |  4- 6 || total
-------------------------+-------+-------++-------
Melee: Rapier            |    96 |    22 ||   118
       Short sword       |       |    10 ||    10
  Use: Scroll            |     5 |       ||     5
       Potion            |     2 |     1 ||     3
Armor: Scale mail        |    39 |       ||    39
       Chain mail        |    11 |    31 ||    42
Dodge: Dodged            |    38 |    11 ||    49
Block: Buckler           |    16 |    12 ||    28

Table legend: (Time is in decaauts)
 A = Elapsed time spent in this place.
 B = Non-inter-level travel time spent in this place.
 C = Inter-level travel time spent in this place.
 D = Time resting spent in this place.
 E = Time spent auto-exploring this place.
 F = Levels seen in this place.
 G = Mean time per level.
                   A        B        C        D        E       F      G
               +--------+--------+--------+--------+--------+-----+--------+
         Total |   2690 |   2580 |    110 |    718 |   1534 |   3 |  896.7 |
       Dungeon |   2690 |   2580 |    110 |    718 |   1534 |   3 |  896.7 |
               +--------+--------+--------+--------+--------+-----+--------+

Top non-repeatable levels by time:
     D:2: 1626 daAuts
     D:1: 1010 daAuts
     D:3: 52 daAuts
